 Seeded DCSS version 0.29-a0-334-gb41bcbb86e (webtiles) character file.

Game seed: 10532045244604501396 (custom seed)

45574 zeratav the Martial Artist (level 14, -9/117 HPs)
             Began as an Octopode Transmuter on Apr 14, 2022.
             Was an Initiate of Gozag.
             Mangled by an orc warrior
             ... wielding a +0 flail
              (13 damage)
             ... on level 2 of the Orcish Mines on Apr 15, 2022.
             The game lasted 01:13:06 (20847 turns).

zeratav the Martial Artist (Octopode Transmuter)   Turns: 20847, Time: 01:13:07

Health: -9/117     AC: 12    Str: 21    XL:     14   Next: 33%
Magic:  17/17      EV: 20    Int: 17    God:    Gozag
Gold:   2081       SH:  0    Dex: 20    Spells: 10/17 levels left

rFire   x . .      SeeInvis .     - Unarmed
rCold   + + +      Faith    .   (shield currently unavailable)
rNeg    . . .      Spirit   .   (helmet currently unavailable)
rPois   +          Reflect  .   n - amulet of regeneration {@e2}
rElec   .          Harm     .   c - +4 ring of protection
rCorr   .          Rampage  .   l - +4 ring of slaying
Will    +....                   A - ring of poison resistance
Stlth   +++++.....              D - ring of Filleg {rC+ Dex+4}
HPRegen 1.09/turn               m - +6 ring of strength
MPRegen 0.15/turn               O - +6 ring of strength
                                P - +4 ring of evasion
                                (no ring)

@: about to teleport, ice-form, gold aura
A: freezing attack, boosted hp, almost no armour, amphibious, 8 rings, large,
(camouflage 1), (gelatinous body 1), (nimble swimmer 1), (tentacles)
a: End Transformation, Renounce Religion, Potion Petition, Call Merchant, Bribe
Branch


You were on level 2 of the Orcish Mines.
You worshipped Gozag.
Gozag was most pleased with you.
You were a creature of crystalline ice.
You visited 4 branches of the dungeon, and saw 18 of its levels.

You collected 4878 gold pieces.
You spent 762 gold pieces at shops.
You paid 2035 gold pieces to Gozag.


Innate Abilities, Weirdness & Mutations

You are a creature of crystalline ice.
You have a powerful freezing melee attack.
Your maximum health is increased.
Your armour is entirely melded.
You are incapable of wielding weapons or throwing items.
You cannot wear most types of armour.
You are amphibious.
You can wear up to eight rings at the same time.
((Your skin changes colour to match your surroundings (Stealth+).))
((Your rubbery body absorbs attacks. (AC +1, EV +1)))
((You are camouflaged when in or above water. (Stealth+)))
((You have tentacles for arms and can constrict up to eight enemies at once.))


   Skills:
 + Level 9.9 Fighting
 + Level 10.2 Dodging
 - Level 10.0 Stealth
 - Level 4.0 Shields
 * Level 14.2 Unarmed Combat
 - Level 2.0 Spellcasting
 - Level 5.0 Necromancy
 + Level 9.0 Transmutations
 - Level 8.0 Ice Magic


You had 10 spell levels left.
You knew the following spells:

 Your Spells              Type           Power      Damage    Failure   Level
a - Ice Form              Ice/Tmut       30%        N/A       6%          4
b - Spider Form           Tmut/Pois      17%        N/A       9%          3

Your spell library contained the following spells:

 Spells                   Type           Power      Damage    Failure   Level
 Beastly Appendage        Tmut           64%        N/A       1%          1
 Wereblood                Tmut           32%        N/A       1%          2
 Animate Skeleton         Necr           36%        N/A       2%          1
 Vampiric Draining        Necr           18%        2d7       8%          3
 Apportation              Tloc           2%         N/A       19%         1
 Slow                     Hex            4%         N/A       19%         1
 Summon Small Mammal      Summ           4%         N/A       19%         1
 Call Canine Familiar     Summ           1%         N/A       50%         3
 Confusing Touch          Hex            1%         N/A       50%         3
 Dazzling Flash           Conj/Hex       2%         N/A       50%         3
 Summon Guardian Golem    Hex/Summ       1%         N/A       50%         3
 Tukima's Dance           Hex            1%         N/A       50%         3
 Agony                    Necr           18%        N/A       56%         5
 Alistair's Intoxication  Tmut/Pois      11%        N/A       63%         5
 Yara's Violent Unravell  Hex/Tmut       8%         3d5       63%         5
 Passage of Golubria      Tloc           1%         N/A       88%         4
 Silence                  Hex/Air        0%         N/A       99%         5

Inventory:

Hand Weapons
 s - a +4 trident of freezing {polearm}
   (You took it off a wight on level 9 of the Dungeon)
 B - a +3 whip of freezing {mace}
   (You took it off Pikel on level 5 of the Dungeon)
 E - a +4 spear of freezing {polearm}
   (You took it off a wight on level 8 of the Dungeon)
 I - the +3 rapier "Qacid" (melded) {vorpal, SInv, short}
   (You found it on level 2 of the Lair of Beasts)

   It inflicts extra damage upon your enemies.
   SInv:      It lets you see invisible.
Armour
 k - the +2 hat of Juffecae (melded) {rF+ rC+}
   (You acquired it on level 9 of the Dungeon)

   rF:        It protects you from fire.
   rC:        It protects you from cold.
 y - a +3 buckler (melded)
   (You found it on level 4 of the Dungeon)
 L - a +1 hat of willpower
   (You took it off Gastronok on level 3 of the Lair of Beasts)
Jewellery
 c - a +4 ring of protection (left front paw)
   (You found it on level 1 of the Dungeon)
 l - a +4 ring of slaying (right front paw)
   (You found it on level 2 of the Dungeon)
 m - a +6 ring of strength (on tentacle)
   (You found it on level 7 of the Dungeon)
 n - an amulet of regeneration (around neck) {@e2}
   (You bought it in a shop on level 9 of the Dungeon)
 A - a ring of poison resistance (on tentacle)
   (You found it on level 5 of the Dungeon)
 D - the ring of Filleg (on tentacle) {rC+ Dex+4}
   (You found it on level 6 of the Dungeon)

   [ring of protection from cold]

   Dex:       It affects your dexterity (+4).
   rC:        It protects you from cold.
 K - an amulet of the acrobat
   (You found it on level 3 of the Lair of Beasts)
 O - a +6 ring of strength (on tentacle)
   (You found it on level 5 of the Lair of Beasts)
 P - a +4 ring of evasion (on tentacle)
   (You bought it in a shop on level 10 of the Dungeon)
Wands
 p - a wand of iceblast (12)
   (You found it on level 8 of the Dungeon)
 r - a wand of acid (7)
   (You found it on level 9 of the Dungeon)
 u - a wand of paralysis (3)
   (You took it off Ijyb on level 3 of the Dungeon)
Scrolls
 b - 2 scrolls of magic mapping {!r}
 e - 5 scrolls of enchant armour
 f - a scroll of blinking {!r}
 g - 5 scrolls of teleportation {@r4}
 h - 3 scrolls of enchant weapon
 j - 3 scrolls of brand weapon
 w - 3 scrolls of fear
 H - a scroll of fog
 J - 2 scrolls of immolation {!r!r}
 M - a scroll of identify {@r1}
Potions
 a - 4 potions of lignification {!q}
 d - 5 potions of mutation {!q}
 i - 5 potions of curing {@q1}
 o - 2 potions of heal wounds {@q2}
 q - 4 potions of flight
 t - a potion of attraction {!q}
 z - a potion of brilliance
 C - 4 potions of might
 G - a potion of haste {unknown}
 N - 2 potions of berserk rage {unknown}
Miscellaneous
 F - a piece from Xom's chessboard (15/15)
   (You found it on level 9 of the Dungeon)

Dungeon Overview and Level Annotations

Branches:
Dungeon (10/15)            Temple (1/1) D:6            Lair (5/6) D:10
  Swamp (0/4) Lair:4       Spider (0/4) Lair:3          Orc (2/2) D:10
  Slime: Lair:5-6       Elf: Orc:2

Altars:
Ashenzari
Cheibriados
Dithmenos
Elyvilon
Fedhas
Gozag
Hepliaklqana
Kikubaaqudgha
Makhleb
Nemelex Xobeh
Okawaru
Qazlal
Ru
Sif Muna
Trog
Uskayaw
Vehumet
Wu Jian
Xom
Yredelemnul
Zin
The Shining One
Beogh

Shops:
D:1 [   D:8 (   D:9 *   D:10 =!   Lair:1 *

Annotations:
D:4 Eustachio
D:10 2 transporters
Lair:4 !Snorg, Snorg
Lair:5 1 runed translucent door, quokkamancerX's ghost, journeyman OgSu

..........## ##.......
............###........
.#.#.#.#.#.#.#.#o#.#.#.#
.........................
............o.#.#...$....
.......o..............$))
#.#.#.#.#.#.#.#.#.#.#.#$#
......ooooo...###.....$..
.......oY....## ##...$...
#.....o$..### ###.....
###.....### ###...
####### ####


You could see 3 orc knights, 3 orc warriors and 2 orcs.


Message History

The orc warrior moves out of view.
The orc high priest moves out of view.
An orc knight comes into view. It is wielding a +0 dire flail.
An orc warrior comes into view. It is wielding a +0 trident.
You flicker for a moment.
You completely miss the orc high priest.
The orc high priest shouts!
The orc warrior shouts!
The orc shouts!
The orc warrior shouts!
The orc high priest shouts!
The orc knight shouts!
The orc shouts!
The orc warrior shouts!
The orc knight shouts!
You catch the helpless orc high priest completely off-guard!
You punch the orc high priest! You freeze the orc high priest!
The orc high priest barely misses you.
You catch the helpless orc high priest completely off-guard!
You pummel the orc high priest!! You freeze the orc high priest.
The orc high priest hits you but does no damage.
The orc warrior hits you but does no damage.
The orc warrior shouts! x2
You punch the orc high priest! You freeze the orc high priest.
You kill the orc high priest!
You flicker back into view.
The orc shouts!
The orc cheers loudly.
The orc high priest calls down the wrath of Beogh upon you.
Beogh smites you!
The orc warrior hits you with a +0 trident!
The orc knight roars a battlecry!
The orcs go into a battle-frenzy!
HP[-24]
You take 24 damage, and now have 93/117 hp.
MASSIVE DAMAGE!! (PAUSE)
The orc knight is distracted by your dazzling golden aura.
The orc warrior misses you.
The orc warrior throws a boomerang.
The boomerang completely misses you.
HP[+1]
You pummel the orc high priest like a punching bag!!!
You freeze the orc high priest. You pummel the orc high priest!!
You freeze the orc high priest.
You kill the orc high priest!
The orc knight is distracted by your dazzling golden aura.
The orc warrior misses you.
HP[+1]
The orc knight shouts!
You pummel the orc warrior!! You freeze the orc warrior.
The orc knight is no longer distracted by gold.
The orc warrior misses you. The orc warrior closely misses you.
The orc closely misses you.
The orc warrior hits you from afar with a +0 trident!!
HP[-19]
You take 19 damage, and now have 76/117 hp.
You pummel the orc warrior!! You freeze the orc warrior.
You kill the orc warrior!
The orc throws a boomerang.
The boomerang completely misses you.
The orc warrior is distracted by your dazzling golden aura.
The orc knight is distracted by your dazzling golden aura.
The orc warrior closely misses you.
HP[+1]
You completely miss the orc warrior.
HP[+1]
You barely miss the orc warrior.
The orc knight is no longer distracted by gold. x2
The orc warrior is no longer distracted by gold.
The orc warrior hits you but does no damage.
The orc warrior completely misses you. x2; The orc warrior throws a boomerang.
The boomerang misses you.
You pummel the orc warrior!! You freeze the orc warrior!
The orc warrior barely misses you.
The orc is distracted by your dazzling golden aura.
The orc warrior is distracted by your dazzling golden aura.
The orc knight roars a battlecry!
The orc knight goes into a battle-frenzy!
The orc warrior barely misses you.
The orc warrior shouts!
The orc shouts!
HP[+1]
You pummel the orc warrior!! You freeze the orc warrior.
You kill the orc warrior!
HP[+1]
You pummel the orc warrior!! You freeze the orc warrior.
The orc warrior is no longer distracted by gold.
The orc warrior hits you with a +0 scimitar!!
* * * LOW HITPOINT WARNING * * *
HP[-25]
You take 25 damage, and now have 55/117 hp.
MASSIVE DAMAGE!! (PAUSE)
You pummel the orc warrior!! You freeze the orc warrior.
You kill the orc warrior!
The orc knight closely misses you. The orc knight completely misses you.
The orc warrior closely misses you.
The orc warrior hits you but does no damage.
You hit the orc knight. You freeze the orc knight.
HP[+1]
As you read the scroll of teleportation {@r4}, it crumbles to dust.
You feel strangely unstable.
The orc knight hits you with a +0 dire flail!
* * * LOW HITPOINT WARNING * * *
The orc knight hits you with a +0 great sword!!!
* * * LOW HITPOINT WARNING * * *
The orc warrior hits you from afar with a +0 trident.
* * * LOW HITPOINT WARNING * * *
The orc warrior hits you with a +0 flail!
You die...
Your body crumbles into a pile of gold.

Skill      XL: |  1  2  3  4  5  6  7  8  9 10 11 12 13 14 |
---------------+-------------------------------------------+-----
Stealth        | 1 2 3 4 5 7 9 10 | 10.0
Fighting       | 2 3 4 5 6 7 8 9 |  9.9
Unarmed Combat | 4 5 6 7 8 10 11 12 13 14 | 14.2
Dodging        | 3 4 5 6 7 8 9 10 | 10.2
Shields        | 1 2 4 |  4.0
Ice Magic      | 1 3 4 6 7 8 |  8.0
Transmutations | 3 5 6 7 8 9 |  9.0
Necromancy     | 1 4 5 |  5.0
Spellcasting   | |  2.0

Action                   |  1- 3 |  4- 6 |  7- 9 | 10-12 | 13-15 || total
-------------------------+-------+-------+-------+-------+-------++-------
Melee: Unarmed           |    54 |    97 |   222 |   547 |   401 ||  1321
       Kick              |    10 |    10 |       |       |       ||    20
       Constrict         |    15 |    23 |    12 |     6 |       ||    56
       Tentacles         |     7 |    16 |     9 |     4 |     2 ||    38
       Punch             |     2 |     3 |     1 |     2 |       ||     8
       Rapier            |       |       |       |     1 |     3 ||     4
 Cast: Beastly Appendage |    18 |    12 |       |     1 |       ||    31
       Wereblood         |     3 |    12 |     3 |       |       ||    18
       Spider Form       |       |     1 |    37 |    42 |       ||    80
       Ice Form          |       |       |       |    27 |    55 ||    82
Invok: Call Merchant     |       |       |       |     1 |     1 ||     2
       Potion Petition   |       |       |       |       |     2 ||     2
  Use: Scroll            |       |       |    13 |    13 |     6 ||    32
       Potion            |       |       |       |       |     5 ||     5
 Stab: Sleeping          |       |     5 |     6 |     8 |     3 ||    22
       Distracted        |       |       |     2 |     5 |     4 ||    11
       Petrified         |       |       |       |     4 |       ||     4
       Invisible         |       |       |       |       |    11 ||    11
Armor: Skin              |    19 |    21 |    30 |   100 |    87 ||   257
Dodge: Dodged            |    40 |    49 |   169 |   450 |   248 ||   956
Block: Buckler           |       |       |     6 |     8 |     2 ||    16

Levels and vault maps discovered:
D:1:      nzn_arrival_depleted_hourglass, layout_rooms, serial_shops, shop,
          ebering_ecumenical_altar_mist, hangedman_decor_slide_cut
D:2:      layout_loops_ring, chequers_arboretum, uniq_natasha
D:3:      layout_basic, chei_slow_surprise, mainiacjoe_overflow_surrounded_room,
          amcnicky_altar_gilded, chequers_serial_rivers_room_a,
          minmay_starry_boxes, uniq_ijyb, uniq_terence, uniq_jessica
D:4:      layout_cave_pods, mainiacjoe_overflow_small_starburst,
          mainiacjoe_overflow_chevrons, corexii_hall_statues_l,
          grunt_decor_arrowhead, uniq_eustachio
D:5:      layout_loops_ring, nicolae_overflow_hidden_temple,
          hangedman_abyss_or_decor_lesser_grid, uniq_duvessa, uniq_pikel
D:6:      layout_layer_cave, minmay_temple_entry_fiery
D:7:      layout_basic
D:8:      layout_basic, mainiacjoe_overflow_six_doors_small, serial_rivers,
          chequers_serial_rivers_marsh, chequers_serial_rivers_small_b,
          chequers_serial_rivers_small_3, chequers_serial_rivers_micro_d,
          chequers_serial_rivers_micro_b, serial_shops, shop_statue
D:9:      layout_irregular_city, mainiacjoe_overflow_catwalk,
          nicolae_shop_sticking_my_neck_out
D:10:     gammafunk_wand_slinger, layout_stronghold, lair_entry_dummy,
          minmay_orc_entry_guard_dogs, serial_shops, nicolae_stop_n_shop_1,
          abandoned_shop, minmay_misc_feat_x, uniq_harold
Temple:   minmay_temple_curvy_branch
Lair:1:   layout_cave_pods, dreamdust_wasp_nest, grunt_megastairs_2
Lair:2:   regret_index_combs_of_tragedy, layout_gridlike, wad_woods_road_05,
          grunt_megastairs_5
Lair:3:   layout_loops_ring, dummy_spider_entry, uniq_gastronok
Lair:4:   layout_small_grid, nicolae_swamp_entry_splash_gauntlet,
          serial_bayou_shore_a, grunt_megastairs_3, uniq_snorg
Lair:5:   layout_misc_corridors, ebering_ghost_inner_flame
Orc:1:    layout_caves, nicolae_orc_pool_cavern, minmay_orc_temple_b,
          uniq_maurice
Orc:2:    st_orc_pillars, layout_diamond_mine

Notes
Turn   | Place    | Note
-------+----------+-------------------------------------------
     0 | D:1      | zeratav the Octopode Transmuter began the quest for the
                  | Orb.
     0 | D:1      | Reached XP level 1. HP: 13/13 MP: 3/3
     0 | D:1      | magus.rc [v1.9.6]
    39 | D:1      | Found Neut's Antique Armour Shoppe.
   335 | D:1      | Found a faded altar of an unknown god.
   387 | D:1      | Reached XP level 2. HP: 18/18 MP: 3/5
   412 | D:1      | Reached skill level 1 in Stealth
   445 | D:1      | You pick up a book of Changes and begin reading...
  1007 | D:2      | Learned a level 2 spell: Wereblood
  1010 | D:2      | Reached XP level 3. HP: 23/23 MP: 3/6
  1070 | D:2      | Noticed Natasha
  1080 | D:2      | Killed Natasha
  1081 | D:2      | Reached skill level 2 in Stealth
  1081 | D:2      | Reached XP level 4. HP: 11/29 MP: 5/7
  1382 | D:2      | You pick up a book of Debilitation and begin reading...
  1382 | D:2      | You add the spells Slow, Vampiric Draining and Confusing
                  | Touch to your library.
  1391 | D:2      | Noticed Natasha
  1400 | D:2      | Killed Natasha
  1401 | D:2      | Reached skill level 2 in Fighting
  1401 | D:2      | Reached skill level 4 in Unarmed Combat
  1513 | D:2      | Reached XP level 5. HP: 26/34 MP: 6/8
  1623 | D:2      | Noticed Natasha
  1632 | D:2      | Killed Natasha
  1633 | D:2      | Reached skill level 3 in Stealth
  1759 | D:3      | Reached skill level 3 in Dodging
  1772 | D:3      | Noticed Jessica
  1782 | D:3      | Killed Jessica
  1868 | D:3      | Found an iron altar of Okawaru.
  2082 | D:3      | Reached XP level 6. HP: 41/41 MP: 7/9
  2254 | D:3      | Noticed Ijyb
  2256 | D:3      | Paralysed by Ijyb for 6 turns
  2269 | D:3      | Killed Ijyb
  2386 | D:3      | Found a snail-covered altar of Cheibriados.
  2604 | D:3      | Found a blossoming altar of Fedhas.
  2633 | D:3      | Noticed Terence
  2645 | D:3      | Killed Terence
  2646 | D:3      | Reached skill level 5 in Unarmed Combat
  3128 | D:4      | Found a stormy altar of Qazlal.
  3134 | D:4      | Learned a level 3 spell: Spider Form
  3592 | D:4      | Reached skill level 4 in Stealth
  3593 | D:4      | Reached skill level 3 in Fighting
  3593 | D:4      | Reached XP level 7. HP: 17/46 MP: 7/10
  3795 | D:4      | Found a shadowy altar of Dithmenos.
  4443 | D:4      | Reached skill level 4 in Dodging
  4669 | D:4      | Noticed Eustachio
  4966 | D:5      | Entered Level 5 of the Dungeon
  4974 | D:5      | Found an ornate altar of the Wu Jian Council.
  4995 | D:5      | Reached skill level 5 in Stealth
  4995 | D:5      | Reached skill level 6 in Unarmed Combat
  5207 | D:5      | Noticed a yak
  5259 | D:5      | Reached skill level 1 in Shields
  5264 | D:5      | Reached XP level 8. HP: 32/54 MP: 7/11
  5498 | D:5      | Noticed a yak
  5499 | D:5      | Noticed a yak
  5858 | D:5      | Noticed Pikel
  5876 | D:5      | Killed Pikel
  5877 | D:5      | Reached skill level 4 in Fighting
  5877 | D:5      | Reached skill level 2 in Shields
  5877 | D:5      | Reached skill level 7 in Unarmed Combat
  5988 | D:5      | Reached skill level 5 in Dodging
  6358 | D:5      | Noticed Duvessa
  6361 | D:5      | Identified a +2 robe of the Archmagi
  6361 | D:5      | Noticed Dowan
  6368 | D:5      | Killed Duvessa
  6369 | D:5      | Reached skill level 1 in Ice Magic
  6369 | D:5      | Reached XP level 9. HP: 50/59 MP: 6/12
  6378 | D:5      | Killed Dowan
  6379 | D:5      | Reached skill level 3 in Shields
  6693 | D:6      | Identified the ring of Filleg {rC+ Dex+4}
  6784 | D:6      | Reached skill level 5 in Fighting
  6944 | D:6      | Reached skill level 2 in Ice Magic
  7054 | D:6      | Found a staircase to the Ecumenical Temple.
  7060 | Temple   | Entered the Ecumenical Temple
  7433 | Temple   | Became a worshipper of Gozag Ym Sagoz the Greedy
  7712 | D:6      | Reached skill level 8 in Unarmed Combat
  7873 | D:6      | Reached skill level 3 in Transmutations
  8388 | D:7      | You pick up a book of Callings and begin reading...
  8388 | D:7      | You add the spells Summon Small Mammal, Call Canine
                  | Familiar and Summon Guardian Golem to your library.
  9000 | D:7      | Noticed a troll
  9010 | D:7      | Killed a troll
  9011 | D:7      | Reached skill level 4 in Shields
  9011 | D:7      | Reached skill level 3 in Ice Magic
  9272 | D:7      | Reached skill level 6 in Dodging
  9275 | D:7      | Reached XP level 10. HP: 62/68 MP: 5/13
  9582 | D:7      | Reached skill level 9 in Unarmed Combat
  9582 | D:7      | Reached skill level 4 in Transmutations
 10008 | D:8      | Reached skill level 6 in Fighting
 10363 | D:8      | Reached skill level 4 in Ice Magic
 10811 | D:8      | Learned a level 4 spell: Ice Form
 10822 | D:8      | Found Fomm's Weapon Boutique.
 10932 | D:8      | Found a sacrificial altar of Ru.
 11693 | D:9      | Reached skill level 5 in Transmutations
 11702 | D:9      | Reached skill level 10 in Unarmed Combat
 11724 | D:9      | Identified a scroll of acquirement
 11729 | D:9      | Acquired the +2 hat of Juffecae {rF+ rC+}
 11749 | D:9      | Found Zodexkei's Neck Hole.
 11758 | D:9      | Bought an amulet of regeneration for 330 gold pieces
 11888 | D:9      | You pick up a book of Party Tricks and begin reading...
 11888 | D:9      | You add the spells Apportation and Alistair's Intoxication
                  | to your library.
 11913 | D:9      | Found a white marble altar of Elyvilon.
 12374 | D:10     | Entered Level 10 of the Dungeon
 12395 | D:10     | Reached skill level 7 in Dodging
 12413 | D:10     | Reached XP level 11. HP: 74/74 MP: 11/14
 12455 | D:10     | Found Oshruapti's Distillery.
 12517 | D:10     | Found a staircase to the Orcish Mines.
 12528 | D:10     | Reached skill level 5 in Ice Magic
 12559 | D:10     | Reached skill level 7 in Fighting
 12609 | D:10     | Found a transporter.
 12609 | D:10     | Noticed an orc sorcerer
 12615 | D:10     | Noticed an orc sorcerer
 12619 | D:10     | Found a staircase to the Lair.
 12700 | D:10     | Reached skill level 6 in Stealth
 13179 | D:10     | Noticed Harold
 13191 | D:10     | Killed Harold
 13192 | D:10     | Reached skill level 11 in Unarmed Combat
 13192 | D:10     | Reached skill level 6 in Transmutations
 13342 | D:10     | Found a transporter.
 13682 | Lair:1   | Entered Level 1 of the Lair of Beasts
 13861 | Lair:1   | You fall into a shaft and drop 1 floor!
 14065 | Lair:1   | Reached skill level 7 in Stealth
 14811 | Lair:2   | Reached skill level 8 in Dodging
 14811 | Lair:2   | Reached skill level 6 in Ice Magic
 14906 | Lair:2   | Reached XP level 12. HP: 82/82 MP: 13/15
 14995 | Lair:2   | Reached skill level 8 in Fighting
 15004 | Lair:2   | Reached skill level 8 in Stealth
 15016 | Lair:2   | Reached skill level 7 in Transmutations
 15020 | Lair:2   | Reached skill level 12 in Unarmed Combat
 15103 | Lair:2   | You pick up a book of the Senses and begin reading...
 15103 | Lair:2   | You add the spells Dazzling Flash, Agony and Silence to
                  | your library.
 15198 | Lair:2   | Identified the +3 rapier "Qacid" {vorpal, SInv}
 15374 | Lair:2   | Noticed a four-headed hydra
 15390 | Lair:2   | Killed a four-headed hydra
 15413 | Lair:2   | You pick up a book of Cantrips and begin reading...
 15779 | Lair:2   | Noticed a catoblepas
 15791 | Lair:2   | Killed a catoblepas
 15797 | Lair:2   | Reached skill level 1 in Necromancy
 16413 | Lair:3   | Reached skill level 9 in Stealth
 16514 | Lair:3   | You add the spells Tukima's Dance, Passage of Golubria and
                  | Yara's Violent Unravelling to your library.
 16521 | Lair:3   | Reached skill level 7 in Ice Magic
 16698 | Lair:3   | Noticed Gastronok
 16781 | Lair:3   | Reached XP level 13. HP: 89/89 MP: 8/16
 16792 | Lair:3   | Reached skill level 2 in Necromancy
 16798 | Lair:3   | Reached skill level 9 in Dodging
 16813 | Lair:3   | Killed Gastronok
 17059 | Lair:3   | Found a hole to the Spider Nest.
 17369 | Lair:4   | Noticed Snorg
 17373 | Lair:4   | Reached skill level 13 in Unarmed Combat
 17670 | Lair:4   | Reached skill level 8 in Transmutations
 17672 | Lair:4   | Reached skill level 9 in Fighting
 17672 | Lair:4   | Reached skill level 3 in Necromancy
 17886 | Lair:4   | Reached skill level 10 in Stealth
 17889 | Lair:4   | HP: 22/108 [blink frog (13)]
 17894 | Lair:4   | HP: 14/108 [blink frog (13)]
 18283 | Lair:4   | Found a staircase to the Swamp.
 18540 | Lair:5   | Found a runed translucent door.
 18540 | Lair:5   | Noticed quokkamancerX's ghost (journeyman OgSu)
 19383 | D:10     | Bought a +4 ring of evasion for 432 gold pieces
 19390 | Orc:1    | Entered Level 1 of the Orcish Mines
 19445 | Orc:1    | Reached skill level 8 in Ice Magic
 19446 | Orc:1    | Noticed Maurice
 19448 | Orc:1    | Paralysed by Maurice for 5 turns
 19455 | Orc:1    | Reached skill level 4 in Necromancy
 19491 | Orc:1    | Killed Maurice
 20219 | Orc:2    | Entered Level 2 of the Orcish Mines
 20226 | Orc:2    | Paralysed by an orc sorcerer for 7 turns
 20235 | Orc:2    | HP: 17/108 [orc warrior/+0 mace[an orc knight] (13)]
 20235 | Orc:2    | HP: 4/108 [orc knight/+0 battleaxe (8)]
 20251 | Orc:1    | Reached XP level 14. HP: 59/97 MP: 12/17
 20610 | Orc:2    | HP: 20/116 [orc priest/divine providence (16)]
 20627 | Orc:2    | HP: 18/117 [orc priest/divine providence (9)]
 20634 | Orc:2    | HP: 9/117 [orc priest/divine providence (14)]
 20642 | Orc:2    | HP: 26/117 [orc priest/divine providence (9)]
 20648 | Orc:2    | Reached skill level 10 in Dodging
 20687 | Orc:2    | Reached skill level 14 in Unarmed Combat
 20789 | Orc:2    | Reached skill level 5 in Necromancy
 20807 | Orc:2    | Reached skill level 9 in Transmutations
 20847 | Orc:2    | HP: 6/117 [orc knight/+0 great sword (36)]
 20847 | Orc:2    | Mangled by an orc warrior

Vanquished Creatures
  Gastronok (Lair:3)
  A catoblepas (Lair:2)
  Harold (D:10)
  2 hydras
  A boulder beetle (Lair:4)
  5 orc high priests (Orc:2)
  A bog body (Lair:4)
  Pikel (D:5)
  6 orc knights
  A manticore (Lair:2)
  An orc sorcerer (Orc:2)
  7 elephants
  Maurice (Orc:1)
  7 cane toads
  4 rime drakes
  9 komodo dragons
  A queen bee (Lair:2)
  2 trolls
  4 meliai (Lair:2)
  4 polar bears
  18 blink frogs
  5 hornets
  3 slime creatures (D:10)
  A vampire (D:10)
  5 wyverns
  24 yaks
  3 basilisks
  A steam dragon (Lair:2)
  4 vampire mosquitoes (D:8)
  8 wargs
  12 water moccasins
  2 acid dragons
  4 swamp worms (Lair:4)
  Duvessa (D:5)
  25 orc warriors
  An ice beast (D:7)
  4 black bears
  5 wolves (Lair:2)
  14 ogres
  7 centaurs
  7 kobold brigands
  A lemure (D:5)
  10 bullfrogs
  A gnoll sergeant (D:8)
  3 necrophages
  3 scorpions
  8 wights
  Dowan (D:5)
  32 killer bees
  2 electric eels (Lair:4)
  3 howler monkeys (D:9)
  35 orc priests
  4 hounds
  3 jellies (D:6)
  Jessica (D:3)
  Ijyb (D:3)
  Terence (D:3)
  Natasha (thrice) (D:2)
  3 iguanas
  18 orc wizards
  A mummy (D:3)
  7 adders
  12 gnolls
  A shadow imp (D:6)
  An ufetubus (D:6)
  A dart slug (D:5)
  71 orcs
  6 ball pythons
  5 endoplasms
  4 giant cockroaches
  5 goblins
  5 hobgoblins
  6 jackals
  42 kobolds
  3 quokkas
  8 bats
  A frilled lizard (D:1)
  4 rats
530 creatures vanquished.

Vanquished Creatures (collateral kills)
  An orc warrior (Orc:1)
  An orc wizard (Orc:1)
  An orc (Orc:1)
3 creatures vanquished.

Vanquished Creatures (others)
  An orc knight (Orc:2)
  An orc (D:8)
  17 fungi
  30 plants
49 creatures vanquished.

Grand Total: 582 creatures vanquished

Table legend:
 A = Non-vault XP
 B = Vault XP
 C = Vault XP percentage of total XP
 D = Non-vault monster count
 E = Vault monster count
 F = Vault count percentage of total count
                 A         B        C        D         E       F
            +---------+---------+-------+---------+---------+-------
      Total |   41238 |   23869 |  36.7 |     391 |     143 |  26.8
            +---------+---------+-------+---------+---------+-------
        D:1 |      20 |       0 |   0.0 |      12 |       0 |   0.0
        D:2 |     186 |      35 |  15.8 |      28 |       1 |   3.4
        D:3 |      64 |     146 |  69.5 |      24 |       8 |  25.0
        D:4 |     522 |       0 |   0.0 |      16 |       0 |   0.0
        D:5 |     635 |     850 |  57.2 |      21 |       3 |  12.5
        D:6 |    1042 |       0 |   0.0 |      23 |       0 |   0.0
        D:7 |    1436 |       0 |   0.0 |      24 |       0 |   0.0
        D:8 |    2135 |       0 |   0.0 |      48 |       0 |   0.0
        D:9 |    1769 |       0 |   0.0 |      29 |       0 |   0.0
       D:10 |    4274 |    1362 |  24.2 |      24 |       4 |  14.3
     Lair:1 |    1511 |    1138 |  43.0 |       6 |       4 |  40.0
     Lair:2 |    4359 |    7666 |  63.8 |      13 |      53 |  80.3
     Lair:3 |    6902 |    1549 |  18.3 |      20 |       1 |   4.8
     Lair:4 |    8258 |    1876 |  18.5 |      29 |       8 |  21.6
     Lair:5 |    1909 |       0 |   0.0 |       9 |       0 |   0.0
      Orc:1 |    4054 |     876 |  17.8 |      47 |      13 |  21.7
      Orc:2 |    2162 |    8371 |  79.5 |      18 |      48 |  72.7
            +---------+---------+-------+---------+---------+-------

Illustrated notes

Table legend:
 A = Kills in this place as a percentage of kills in entire the game.
 B = Kills by you in this place as a percentage of kills by you in the entire game.
 C = Kills by friends in this place as a percentage of kills by friends in the entire game.
 D = Other kills in this place as a percentage of other kills in the entire game.
 E = Experience gained in this place as a percentage of experience gained in the entire game.
 F = Experience gained in this place divided by the number of levels of this place that you have seen.
                   A       B       C       D       E      F
               +-------+-------+-------+-------+-------+----------------------
         Total | 100.0 | 100.0 | 100.0 | 100.0 | 100.0 | 3617.1
       Dungeon |  49.6 |  49.9 |   0.0 |  50.0 |  22.2 | 1447.6
          Lair |  26.8 |  27.0 |   0.0 |   0.0 |  54.0 | 7033.6
  Orcish Mines |  23.6 |  23.1 | 100.0 |  50.0 |  23.8 | 7731.5
               +-------+-------+-------+-------+-------+----------------------

Table legend: (Time is in decaauts)
 A = Elapsed time spent in this place.
 B = Non-inter-level travel time spent in this place.
 C = Inter-level travel time spent in this place.
 D = Time resting spent in this place.
 E = Time spent auto-exploring this place.
 F = Levels seen in this place.
 G = Mean time per level.
                   A        B        C        D        E       F      G
               +--------+--------+--------+--------+--------+-----+--------+
         Total |  20610 |  19449 |   1161 |   5303 |   6580 |  18 | 1145.0 |
       Dungeon |  13250 |  12547 |    703 |   4320 |   4064 |  10 | 1325.0 |
        Temple |    395 |    262 |    133 |      0 |    258 |   1 |  395.0 |
          Lair |   5580 |   5293 |    287 |    767 |   1998 |   5 | 1116.0 |
  Orcish Mines |   1383 |   1346 |     37 |    216 |    260 |   2 |  691.5 |
               +--------+--------+--------+--------+--------+-----+--------+

Top non-repeatable levels by time:
     D:3: 2020 daAuts
     D:7: 1524 daAuts
  Lair:2: 1511 daAuts
     D:5: 1459 daAuts
     D:4: 1412 daAuts
     D:8: 1383 daAuts
    D:10: 1330 daAuts
     D:6: 1220 daAuts
     D:9: 1161 daAuts
  Lair:4: 1090 daAuts
     D:2: 1074 daAuts
  Lair:3: 1069 daAuts
  Lair:1: 1066 daAuts
   Orc:1: 983 daAuts
  Lair:5: 842 daAuts
